 Dungeon Crawl Stone Soup version 0.28.0-53-g5a82cb258f (webtiles) character file.

Game seed: 4751094798791866778

54506 Scuddy the Thaumaturge (level 14, -2/116 HPs)
             Began as a Naga Ice Elementalist on July 5, 2022.
             Was a High Priest of Hepliaklqana.
             Shot with a bolt by a yaktaur (29 damage)
             ... in a volcano on July 6, 2022.
             The game lasted 01:19:00 (25634 turns).

Scuddy the Thaumaturge (Naga Ice Elementalist)     Turns: 25634, Time: 01:19:01

Health: -2/116     AC: 10    Str: 10    XL:     14   Next: 73%
Magic:  20/28      EV: 13    Int: 27    God:    Hepliaklqana [*****.]
Gold:   1058       SH:  0    Dex: 12    Spells: 3/34 levels left

rFire   + . .      SeeInvis +   o - +0 short sword (venom)
rCold   + . .      Faith    .   (no shield)
rNeg    . . .      Spirit   .   a - +1 robe
rPois   +          Reflect  .   J - +2 hat
rElec   +          Harm     .   H - +0 cloak
rCorr   +          Rampage  .   I - +0 pair of gloves
Will    +....                   (no barding)
Stlth   ++++......              B - amulet of the acrobat
HPRegen 0.29/turn               F - +6 ring of intelligence
MPRegen 0.21/turn               j - ring of wizardry

@: resistant, hasted, quick
A: reduced essence, AC +4, large, see invisible, deformed body, poison
resistance, slowness 2, spit poison 1, naga tail 2
a: Spit Poison, Renounce Religion, Recall Ancestor, Ancestor Identity,
Transference, Idealise


You were in a volcano.
You worshipped Hepliaklqana.
Hepliaklqana was extremely pleased with you.
You visited 4 branches of the dungeon, and saw 18 of its levels.
You also visited: Volcano.

You collected 1058 gold pieces.

Inventory:

Hand Weapons
 k - a +2 whip of freezing
 o - a +0 short sword of venom (weapon)
Armour
 a - a +1 robe (worn)
 H - a +0 cloak (worn)
 I - a +0 pair of gloves (worn)
 J - a +2 hat (worn)
 K - a +0 buckler
Jewellery
 j - a ring of wizardry (right hand)
 r - a +6 ring of dexterity
 z - an amulet of guardian spirit
 B - an amulet of the acrobat (around neck)
 E - the ring of Ymiorr {Ice Int+6 SInv Stlth-}
   (You found it on level 9 of the Dungeon)

   [ring of ice]

   It enhances your ice magic.
   Int:       It affects your intelligence (+6).
   rF:        It makes you vulnerable to fire.
   rC:        It protects you from cold.
   SInv:      It lets you see invisible.
   Stlth:     It makes you less stealthy.
 F - a +6 ring of intelligence (left hand)
 N - a +6 ring of strength
 O - an amulet of magic regeneration
Wands
 c - a wand of mindburst (3)
 q - a wand of paralysis (6)
 w - a wand of iceblast (1)
 y - a wand of charming (8)
 M - a wand of flame (6)
Scrolls
 b - 7 scrolls of identify
 f - 3 scrolls of noise
 m - 3 scrolls of enchant weapon
 n - 6 scrolls of teleportation
 p - a scroll of enchant armour
 s - a scroll of vulnerability
 u - 2 scrolls of blinking
 v - a scroll of fear
Potions
 d - a potion of attraction
 e - 3 potions of flight
 g - 4 potions of curing
 h - 3 potions of heal wounds
 i - 4 potions of cancellation
 l - a potion of resistance
 t - 2 potions of mutation
 x - 3 potions of might
 L - 2 potions of ambrosia
 P - 2 potions of degeneration
 Q - a potion of invisibility


   Skills:
 + Level 9.3 Fighting
 + Level 9.3 Dodging
 - Level 10.0 Stealth
 - Level 0.4 Unarmed Combat
 + Level 10.7 Spellcasting
 - Level 3.0 Conjurations
 - Level 3.0 Summonings
 + Level 6.8 Translocations
 - Level 3.0 Transmutations
 + Level 10.1 Ice Magic
 - Level 10.0 Invocations
 + Level 7.3 Evocations


You had 3 spell levels left.
You knew the following spells:

 Your Spells              Type           Power      Damage    Failure   Level
a - Freeze                Ice            100%       1d11      1%          1
b - Frozen Ramparts       Ice            100%       1d12      1%          3
c - Ozocubu's Armour      Ice            62%        N/A       1%          3
d - Summon Ice Beast      Ice/Summ       49%        N/A       1%          4
e - Ice Form              Ice/Tmut       49%        N/A       1%          4
f - Hailstorm             Conj/Ice       49%        3d11      1%          4
g - Gell's Gravitas       Tloc           50%        N/A       1%          3
h - Lesser Beckoning      Tloc           50%        N/A       1%          3
i - Teleport Other        Tloc           50%        N/A       1%          3
j - Call Canine Familiar  Summ           30%        N/A       1%          3

Your spell library contained the following spells:

 Spells                   Type           Power      Damage    Failure   Level
 Summon Small Mammal      Summ           100%       N/A       1%          1
 Sublimation of Blood     Necr           14%        N/A       2%          2
 Summon Guardian Golem    Hex/Summ       22%        N/A       2%          3
 Petrify                  Tmut/Erth      22%        N/A       9%          4
 Irradiate                Conj/Tmut      15%        3d18      13%         5
 Chain Lightning          Conj/Air       11%        3d14      100%        9
 Fire Storm               Conj/Fire      11%        8d3       100%        9
 Shatter                  Erth           7%         3d9*      100%        9


Dungeon Overview and Level Annotations

Branches:
Dungeon (10/15)            Temple (1/1) D:7            Lair (6/6) D:9
  Swamp (0/4) Lair:4       Spider (0/4) Lair:4        Slime (0/5) Lair:6
    Orc (1/2) D:9         Volcano (1/1)

Altars:
Ashenzari
Cheibriados
Dithmenos
Elyvilon
Fedhas
Gozag
Hepliaklqana
Kikubaaqudgha
Makhleb
Nemelex Xobeh
Okawaru
Qazlal
Ru
Sif Muna
Trog
Vehumet
Wu Jian
Xom
Zin
The Shining One
Beogh

Annotations:
D:4 exclusion: orc priest
D:9 3 runed translucent doors, DemonSlayer's ghost, journeyman DsFE; Sin92's ghost, journeyman DsFi; buhh's ghost, journeyman FoHu; issech's ghost, novice MiMo; markstv's ghost, novice DDFi
Lair:4 exclusion: oklob plant
Lair:6 exclusion: 2 oklob plants


Innate Abilities, Weirdness & Mutations

Your life essence is reduced to manifest your ancestor. (-10% HP)
Your serpentine skin is tough. (AC +4)
You have supernaturally acute eyesight. (SInv)
Armour fits poorly on your strangely shaped body.
Your system is resistant to poisons. (rPois)
You cover ground very slowly.
You can spit poison.
You can use your snake-like lower body to constrict enemies.


Message History

Press: ? - help, Dir - move target, f - yaktaur, p - red draconian
Aim: a yaktaur, wielding a +1 arbalest of flaming and quivering bolts Attack!
The yaktaur wields a +0 arbalest of flaming.
It bursts into flame!
The yaktaur shoots a bolt.
The bolt hits Ku-aya!!
The bolt burns Ku-aya.
Ku-aya is destroyed!
Your red draconian hits the yaktaur with a +2 flail of flaming!
Your red draconian burns the yaktaur!
Okay, then.
Aiming: Iceblast
Press: ? - help, Shift-Dir - straight line, f - centaur, p - yaktaur
Aim: a centaur, wielding a +0 shortbow of flaming and quivering arrows Really fire at your red draconian?
The mass of ice explodes!
The iceblast engulfs the centaur!!
The centaur is almost dead.
The iceblast engulfs your red draconian.
Your red draconian is lightly wounded.
The red draconian is no longer charmed.
The iceblast engulfs the yaktaur!
The yaktaur is almost dead.
The iceblast engulfs the yaktaur!
The yaktaur is lightly wounded.
The yaktaur shoots a bolt.
The bolt hits you!
* * * LOW HITPOINT WARNING * * *
The bolt burns you.
* * * LOW HITPOINT WARNING * * *
The heat melts your icy armour.
You feel much better.
The centaur shoots an arrow.
The arrow hits you.
* * * LOW HITPOINT WARNING * * *
The red draconian breathes fire at you. The searing blast hits you!!
Your icy armour melts away.
You resist.
* * * LOW HITPOINT WARNING * * *
The heat melts your icy armour.
You feel much better.
The centaur shoots an arrow.
The arrow hits you.
* * * LOW HITPOINT WARNING * * *
The yaktaur shoots a bolt.
The bolt closely misses you.
You close the large door.
The yaktaur shoots a bolt.
The bolt hits you!!
You die...

'.._..)..##§≈≈≈
#...d.#...#≈≈≈≈
#######c..#§≈≈§
+!!.)$'c..#§≈≈
#..≈..#cd.#≈≈
.#8≈≈≈8#...# ≈≈
.'..≈..+..# ≈≈≈
.c.....+@.# ≈≈§#
.#8...8#☼##§≈
§≈≈≈###....§###§§≈
#≈§≈≈§≈.....§≈≈≈≈#
#≈≈§≈≈§8...8§≈≈≈#
##≈§≈≈≈§....≈≈###
###§§§.....≈≈#
#§§≈8...8≈##
####....§##


You could see a red draconian (catching breath), a yaktaur and 2 centaurs.

Vanquished Creatures
  Kirke (Lair:4)
  5 hydras
  2 centaur warriors
  2 two-headed ogres
  5 death yaks
  Urug (Lair:5)
  Sonja (Lair:6)
  A black mamba (Lair:3)
  2 elephants (Lair:5)
  Maurice (D:10)
  7 cane toads
  4 komodo dragons
  4 dream sheep (Lair:6)
  4 hornets
  6 blink frogs
  A shadow (D:9)
  5 spriggans (Lair:6)
  24 yaks
  2 wraiths (D:9)
  5 wyverns
  4 basilisks
  2 fire bats (Orc:1)
  6 hogs (Lair:4)
  A swamp worm (Lair:2)
  11 water moccasins
  5 orc warriors
  A sky beast (D:7)
  4 black bears
  4 boggarts (Lair:6)
  An ogre (D:7)
  18 wolves
  3 centaurs
  A kobold brigand (D:5)
  A gnoll sergeant (D:7)
  8 bullfrogs
  2 scorpions (D:4)
  A wyvern zombie (D:9)
  A water moccasin zombie (D:6)
  8 killer bees (D:9)
  5 wights (D:8)
  A howler monkey (D:7)
  A centaur zombie (D:9)
  3 jellies
  5 orc priests
  2 hounds (D:6)
  A bullfrog skeleton (D:7)
  3 centaur skeletons
  A scorpion zombie (D:5)
  A gnoll shaman (D:4)
  An iguana (D:5)
  5 orc wizards
  9 hell rats
  A hound skeleton (D:5)
  12 gnolls
  6 adders
  A shadow imp (D:5)
  3 white imps
  An ufetubus (D:7)
  An adder skeleton (D:5)
  A worm (D:3)
  3 dart slugs
  16 orcs
  11 ball pythons
  8 bats
  6 endoplasms
  A giant cockroach (D:2)
  3 goblins
  7 hobgoblins
  2 jackals (D:2)
  2 quokkas
  5 frilled lizards
  7 kobolds
  10 rats
310 creatures vanquished.

Vanquished Creatures (collateral kills)
  Gastronok (Lair:2)
  A hydra (Lair:5)
  A catoblepas (Lair:3)
  6 death yaks
  An orc high priest (D:9)
  Nergalle (D:10)
  2 elephants
  3 black mambas
  A torpor snail (Lair:6)
  8 cane toads
  2 rime drakes
  3 komodo dragons
  4 polar bears (Lair:6)
  2 hornets (Lair:6)
  3 dream sheep (Lair:6)
  5 blink frogs
  A shadow (D:9)
  A wyvern (Lair:3)
  A hog (Lair:4)
  9 spriggans (Lair:6)
  3 basilisks
  17 yaks
  A fire bat (Orc:1)
  A swamp worm (Lair:2)
  9 water moccasins
  3 orc warriors (Orc:1)
  A black bear (Lair:6)
  A boggart (Lair:6)
  14 wolves
  A centaur (Volcano)
  An ogre (Orc:1)
  10 bullfrogs
  A killer bee (D:10)
  2 wights (D:8)
  2 orc wizards (Orc:1)
  3 hell rats
  A howler monkey zombie (D:9)
  A white imp (D:7)
128 creatures vanquished.

Vanquished Creatures (others)
  4 knights
  4 ancestors
  A bush (Lair:6)
  46 fungi
  55 plants
110 creatures vanquished.

Grand Total: 548 creatures vanquished

Notes
Turn   | Place    | Note
-------+----------+-------------------------------------------
     0 | D:1      | Scuddy the Naga Ice Elementalist began the quest for the
                  | Orb.
     0 | D:1      | Reached XP level 1. HP: 15/15 MP: 3/3
   224 | D:1      | Reached XP level 2. HP: 22/22 MP: 3/5
   804 | D:1      | Found a faded altar of an unknown god.
  1001 | D:2      | Reached XP level 3. HP: 18/28 MP: 2/6
  1379 | D:2      | Reached XP level 4. HP: 36/36 MP: 7/7
  1547 | D:2      | Found an opulent altar of Gozag.
  1765 | D:2      | Reached skill level 5 in Ice Magic
  1995 | D:3      | Found a faded altar of an unknown god.
  2000 | D:3      | Found an iron altar of Okawaru.
  2170 | D:3      | Reached XP level 5. HP: 31/42 MP: 5/9
  2174 | D:3      | Learned a level 3 spell: Frozen Ramparts
  2178 | D:3      | Learned a level 3 spell: Ozocubu's Armour
  2276 | D:3      | Found an ornate altar of the Wu Jian Council.
  2873 | D:4      | Reached skill level 5 in Stealth
  2885 | D:4      | Noticed a black bear
  2899 | D:4      | Reached XP level 6. HP: 25/49 MP: 1/11
  2902 | D:4      | Killed a black bear
  3157 | D:4      | Found an opulent altar of Gozag.
  3334 | D:4      | Reached XP level 7. HP: 55/55 MP: 10/13
  3876 | D:5      | Entered Level 5 of the Dungeon
  5559 | D:6      | Found a sparkling altar of Nemelex Xobeh.
  5847 | D:6      | Reached XP level 8. HP: 50/62 MP: 10/15
  6020 | D:6      | Reached skill level 5 in Spellcasting
  6531 | D:6      | Found a shimmering blue altar of Sif Muna.
  6598 | D:6      | Learned a level 4 spell: Summon Ice Beast
  6603 | D:6      | Learned a level 4 spell: Ice Form
  6632 | D:7      | Reached skill level 1 in Fighting
  6696 | D:7      | Reached skill level 10 in Stealth
  6819 | D:7      | Found a staircase to the Ecumenical Temple.
  6949 | Temple   | Entered the Ecumenical Temple
  7137 | Temple   | Became a worshipper of Hepliaklqana the Forgotten
  7539 | D:7      | Reached XP level 9. HP: 74/74 MP: 16/16
  7539 | D:7      | Found a burning altar of Makhleb.
  7566 | D:7      | Found a snail-covered altar of Cheibriados.
  7958 | D:7      | Identified the +6 quarterstaff of Extinguishment {freeze,
                  | Drain rPois MP+9 Dex+4}
  8635 | D:8      | Noticed a centaur warrior
  8646 | D:8      | Killed a centaur warrior
  8647 | D:8      | Reached skill level 5 in Fighting
  9083 | D:8      | Reached skill level 1 in Summonings
  9083 | D:8      | Reached skill level 1 in Transmutations
  9338 | D:8      | Found a stormy altar of Qazlal.
  9511 | D:8      | Reached * piety under Hepliaklqana
 10189 | D:9      | Found a staircase to the Orcish Mines.
 10255 | D:10     | Entered Level 10 of the Dungeon
 10255 | D:10     | Noticed Maurice
 10266 | D:10     | Killed Maurice
 10267 | D:10     | Reached XP level 10. HP: 77/79 MP: 16/18
 10267 | D:10     | Noticed Nergalle
 10998 | D:10     | Killed Nergalle
 10999 | D:10     | Reached skill level 10 in Ice Magic
 11165 | D:9      | Learned a level 4 spell: Hailstorm
 11259 | D:9      | Reached skill level 1 in Invocations
 11702 | D:9      | Noticed a two-headed ogre
 11712 | D:9      | Killed a two-headed ogre
 12113 | D:9      | Identified the ring of Ymiorr {Ice Int+6 SInv Stlth-}
 12475 | D:9      | Reached XP level 11. HP: 54/84 MP: 6/22
 12486 | D:9      | Reached skill level 5 in Invocations
 12595 | D:9      | Found a staircase to the Lair.
 12928 | D:9      | Found a runed translucent gate.
 12928 | D:9      | Found a runed translucent gate.
 12928 | D:9      | Found a runed translucent gate.
 12930 | D:9      | Noticed issech's ghost (novice MiMo)
 12930 | D:9      | Noticed DemonSlayer's ghost (journeyman DsFE)
 12931 | D:9      | Noticed Sin92's ghost (journeyman DsFi)
 12931 | D:9      | Noticed markstv's ghost (novice DDFi)
 12931 | D:9      | Noticed buhh's ghost (journeyman FoHu)
 13006 | Lair:1   | Entered Level 1 of the Lair of Beasts
 13006 | Lair:1   | Noticed an eight-headed hydra
 13015 | Lair:1   | Killed an eight-headed hydra
 13296 | Lair:1   | Noticed a four-headed hydra
 13303 | Lair:1   | Killed a four-headed hydra
 13304 | Lair:1   | Reached skill level 5 in Dodging
 13403 | Lair:1   | Reached ** piety under Hepliaklqana
 13404 | Lair:1   | Remembered your ancestor Ku-aya as a knight
 14944 | Lair:2   | Reached skill level 1 in Conjurations
 15080 | Lair:2   | Noticed Gastronok
 15094 | Lair:2   | Killed Gastronok
 15898 | Lair:3   | Reached XP level 12. HP: 92/92 MP: 19/24
 15931 | Lair:3   | Reached *** piety under Hepliaklqana
 16143 | Lair:3   | Noticed a seven-headed hydra
 16156 | Lair:3   | Killed a seven-headed hydra
 16671 | Lair:3   | Noticed a catoblepas
 16689 | Lair:3   | Killed a catoblepas
 16903 | Lair:3   | Reached skill level 1 in Evocations
 17602 | Lair:3   | Learned a level 3 spell: Gell's Gravitas
 17606 | Lair:3   | Learned a level 3 spell: Lesser Beckoning
 17610 | Lair:3   | Learned a level 3 spell: Teleport Other
 17843 | Lair:4   | Reached skill level 1 in Translocations
 17972 | Lair:4   | Found a staircase to the Swamp.
 17977 | Lair:4   | Reached **** piety under Hepliaklqana
 18079 | Lair:4   | Found a hole to the Spider Nest.
 18437 | Lair:4   | Noticed a seven-headed hydra
 18452 | Lair:4   | Killed a seven-headed hydra
 18701 | Lair:4   | Noticed Kirke
 18719 | Lair:4   | Killed Kirke
 18720 | Lair:4   | Gained mutation: You can use your snake-like lower body to
                  | constrict enemies. [Naga growth]
 18720 | Lair:4   | Reached XP level 13. HP: 102/102 MP: 2/26
 19782 | Lair:5   | Reached skill level 10 in Invocations
 19960 | Lair:5   | You fall into a shaft and drop 1 floor!
 19960 | Lair:6   | Entered Level 6 of the Lair of Beasts
 20003 | Lair:6   | Reached skill level 5 in Evocations
 20258 | Lair:6   | Found a staircase to the Slime Pits.
 20283 | Lair:6   | Reached ***** piety under Hepliaklqana
 20866 | Lair:6   | Learned a level 3 spell: Call Canine Familiar
 20932 | Lair:6   | Reached skill level 5 in Translocations
 21231 | Lair:6   | Reached skill level 10 in Spellcasting
 21255 | Lair:6   | Reached XP level 14. HP: 73/113 MP: 28/28
 22153 | Lair:6   | Noticed Sonja
 22157 | Lair:6   | Killed Sonja
 23775 | Lair:5   | Noticed Urug
 23793 | Lair:5   | Killed Urug
 24846 | Orc:1    | Entered Level 1 of the Orcish Mines
 25057 | Orc:1    | Found a dark tunnel.
 25083 | Volcano  | Entered a volcano
 25616 | Volcano  | Found a burning altar of Makhleb.
 25619 | Volcano  | Noticed a red draconian
 25634 | Volcano  | Shot with a bolt by a yaktaur

Illustrated notes

Levels and vault maps discovered:
D:1:      dpeg_arrival_round_a, layout_rooms, ebering_ecumenical_altar_ruins
D:2:      layout_loops_ring, basic_altar
D:3:      layout_rooms, nicolae_wu_jian_glorious_leap,
          nicolae_overflow_ecumenical_swirl
D:4:      layout_rooms, mainiacjoe_overflow_24_doors, serial_aquarium,
          aquarium_bridge_island_small [aquarium_subvault_small_open,
          aquarium_subvault_bridge, aquarium_subvault_wall,
          aquarium_subvault_bridge, aquarium_subvault_wall],
          aquarium_bridge_square [aquarium_subvault_bridge,
          aquarium_subvault_bridge, aquarium_subvault_bridge,
          aquarium_subvault_wall], aquarium_window_1, aquarium_window_2,
          aquarium_window_fake, aquarium_view_4
D:5:      layout_basic, minmay_misc_feat_tiny
D:6:      layout_loops_ring, lemuel_blue_sif_altar, nemelex_diamond_rough_becter
D:7:      layout_basic, mainiacjoe_overflow_two_lobes,
          minmay_temple_entry_fiery, minmay_misc_feat_enclosed
D:8:      layout_basic, kennysheep_mini
D:9:      minmay_bubble_buster, layout_layer_cave, minmay_lair_entry_grove,
          gammafunk_ghost_cemetery
D:10:     layout_big_octagon, dk_yredelemnul_ordeal,
          nicolae_uskayaw_murder_on_the_dancefloor, uniq_nergalle, uniq_maurice
Temple:   hc_temple_tempest_star
Lair:1:   layout_long_grid
Lair:2:   layout_misc_corridors, worms_lemuel, uniq_gastronok
Lair:3:   layout_gridlike, grunt_megastairs_2, serial_bayou_shore_b
Lair:4:   layout_cave_pods, swamp_mist_pool, dummy_spider_entry,
          grunt_megastairs_3, serial_bayou_shore_b, uniq_kirke
Lair:5:   layout_cave_pods, uniq_urug
Lair:6:   minmay_lair_end_enchanted_forest, layout_long_grid,
          minmay_slime_entry_oklob_open, wad_woods_06, dpeg_stationary_puzzle,
          uniq_sonja
Orc:1:    layout_diamond_mine, nicolae_volcano_entry_batcave, basic_altar
Volcano:  kennysheep_volcano_temple

Skill      XL: |  1  2  3  4  5  6  7  8  9 10 11 12 13 14 |
---------------+-------------------------------------------+-----
Ice Magic      | 5 6 8 9 10 | 10.1
Stealth        | 4 5 6 7 10 | 10.0
Spellcasting   | 3 4 5 7 8 9 10 | 10.7
Fighting       | 2 5 6 8 9 |  9.3
Summonings     | 2 3 |  3.0
Transmutations | 2 3 |  3.0
Invocations    | 4 8 9 10 | 10.0
Dodging        | 3 6 7 8 9 |  9.3
Conjurations   | 3 |  3.0
Evocations     | 3 5 7 |  7.3
Translocations | 2 5 6 |  6.8
Unarmed Combat | |  0.4

Action                   |  1- 3 |  4- 6 |  7- 9 | 10-12 | 13-15 || total
-------------------------+-------+-------+-------+-------+-------++-------
Melee: Unarmed           |     3 |       |       |    74 |     2 ||    79
       Whip              |       |    24 |    14 |       |       ||    38
       Short sword       |       |     8 |   209 |   155 |   316 ||   688
       Punch             |       |     1 |     2 |     3 |     7 ||    13
       Constrict         |       |       |       |       |    83 ||    83
 Cast: Freeze            |    43 |    38 |    26 |    82 |    18 ||   207
       Frozen Ramparts   |       |     3 |    33 |    27 |    18 ||    81
       Ozocubu's Armour  |       |     3 |    20 |    33 |    25 ||    81
       Summon Ice Beast  |       |       |     7 |    11 |     3 ||    21
       Ice Form          |       |       |       |    10 |     1 ||    11
       Hailstorm         |       |       |       |     7 |    41 ||    48
       Gell's Gravitas   |       |       |       |       |     2 ||     2
       Call Canine Famil |       |       |       |       |     5 ||     5
       Teleport Other    |       |       |       |       |     1 ||     1
       Lesser Beckoning  |       |       |       |       |     1 ||     1
Invok: Recall Ancestor   |       |       |       |     1 |     3 ||     4
       Ancestor Life: Kn |       |       |       |     1 |       ||     1
       Idealise          |       |       |       |       |     2 ||     2
 Abil: Spit Poison       |    26 |    17 |    10 |     1 |       ||    54
Evoke: Wand              |       |       |     6 |     6 |    14 ||    26
  Use: Potion            |       |     3 |     4 |     2 |     6 ||    15
       Scroll            |       |     7 |     7 |       |    10 ||    24
 Stab: Sleeping          |       |     2 |    10 |     9 |     6 ||    27
       Paralysed         |       |       |     1 |       |       ||     1
       Distracted        |       |       |       |     2 |     2 ||     4
Armor: Robe              |    11 |    13 |   113 |   107 |   167 ||   411
       Skin              |       |       |    19 |    69 |     1 ||    89
Dodge: Dodged            |    20 |    41 |   125 |   236 |   317 ||   739
